Map: Bastión celestial

Players

MrFercho - Winner!

  • Race: Terran Terran
  • Spawn Location: 7:00

tigro

  • Race: Terran Terran
  • Spawn Location: 1:00

VOD

Have the link to the VOD?

Description

Time

  • Played on: March 20, 2020, 6:05 p.m.
  • Length: 13:54
Show
View Real Time Build Order
Export as new Build Order

MrFercho Terran - Winner!

Build Orders: Mech 

Get SALT Encoding   

  12  0:05  SCV  
  13  0:20  SCV  
  14  0:28  Supply Depot  
  14  0:32  SCV  
  15  0:48  Engineering Bay  
  16  0:50  SCV  
  16  1:02  SCV  
  17  1:04  Refinery  
  17  1:14  SCV  
  18  1:23  Barracks  
  18  1:26  SCV  
  19  1:38  SCV  
  20  1:48  Supply Depot  
  20  1:50  SCV  
  21  2:01  Refinery  
  21  2:02  SCV  
  22  2:10  Barracks  
  22  2:14  Reaper, SCV  
  24  2:26  SCV  
  26  2:46  SCV  
  26  2:47  Reaper  
  27  3:00  Barracks Tech Lab  
  27  3:20  Command Center  
  27  3:21  Refinery  
  27  3:24  SCV  
  27  3:25  Refinery  
  28  3:36  SCV  
  28  3:40  Barracks Tech Lab  
  29  3:48  SCV  
  30  4:00  SCV  
  31  4:06  Factory  
  31  4:09  Factory  
  29  4:40  Marauder x2  
  33  4:46  Orbital Command  
  33  4:51  Factory  
  33  4:54  Factory  
  33  4:58  Engineering Bay  
  33  5:01  Marine x2  
  33  5:02  Factory Tech Lab x2  
  35  5:13  SCV  
  36  5:24  Engineering Bay  
  36  5:25  SCV  
  37  5:28  Supply Depot x2  
  37  5:37  SCV  
  38  5:49  SCV  
  39  6:01  SCV  
  40  6:04  Supply Depot  
  40  6:05  Supply Depot  
  40  6:11  SCV  
  41  6:23  SCV  
  42  6:27  Supply Depot  
  42  6:28  Supply Depot  
  42  6:29  Orbital Command  
  39  6:35  SCV  
  37  6:46  Starport  
  37  6:47  SCV  
  37  6:50  Supply Depot  
  37  6:51  Supply Depot  
  38  6:54  Starport  
  38  7:00  Factory Tech Lab x2, SCV  
  39  7:02  Siege Tank x2  
  45  7:12  Supply Depot  
  45  7:15  Supply Depot  
  45  7:25  Starport  
  45  7:29  Terran Infantry Armor Level 1, Terran Infantry Weapons Level 1, Neosteel Armor  
  45  7:33  Starport  
  45  7:34  Siege Tank  
  45  7:36  Supply Depot  
  48  7:57  Armory x2  
  48  8:05  SCV  
  49  8:10  SCV  
  50  8:17  SCV  
  51  8:22  SCV  
  52  8:29  SCV  
  54  8:34  SCV  
  54  8:41  SCV  
  54  8:44  Armory  
  54  8:46  SCV  
  56  8:49  Refinery  
  56  8:50  Refinery  
  56  8:53  SCV  
  57  8:58  SCV  
  58  9:03  Command Center  
  58  9:07  Fusion Core  
  58  9:08  Fusion Core  
  58  10:03  Sensor Tower  
  58  10:05  Sensor Tower  
  58  10:12  Sensor Tower  
  58  10:24  Sensor Tower  
  58  10:52  Bunker, Sensor Tower  
  58  11:00  Bunker  
  58  11:10  Sensor Tower  
  58  11:15  Starport Tech Lab x3  
  58  11:16  Starport Tech Lab  
  58  11:17  Sensor Tower  
  58  11:27  Bunker  
  58  11:35  Barracks  
  58  11:36  Barracks  
  58  11:37  Barracks, Bunker  
  58  11:40  Orbital Command  
  58  11:41  Barracks  
  58  11:43  Barracks  
  58  11:51  SCV  
  58  11:52  SCV  
  60  12:04  SCV x2  
  62  12:16  SCV x2  
  64  12:25  Barracks  
  64  12:26  Barracks  
  64  12:27  Barracks  
  64  12:28  SCV x2  
  65  12:35  Ghost Academy x2  
  65  12:40  SCV x2  
  67  12:47  Ghost Academy  
  67  12:56  Barracks Tech Lab x3  
  67  12:57  Barracks Tech Lab  
  67  13:01  Barracks Tech Lab  
  67  13:05  Ghost Academy  
  67  13:07  Ghost Academy  
  67  13:19  Barracks Tech Lab x2  
  67  13:20  Barracks Tech Lab  
Show
View Real Time Build Order
Export as new Build Order

tigro Terran 

Build Orders:  

Get SALT Encoding   

  12  0:04  SCV  
  13  0:16  SCV  
  13  0:21  Supply Depot  
  14  0:28  SCV  
  15  0:42  SCV  
  16  0:54  SCV  
  17  0:59  Barracks  
  17  1:06  SCV  
  18  1:14  Refinery  
  18  1:18  SCV  
  18  1:20  Refinery  
  19  1:29  Supply Depot  
  19  1:31  SCV  
  20  1:43  SCV  
  21  1:48  Barracks  
  21  1:50  Marine  
  22  1:55  SCV  
  23  2:07  SCV  
  23  2:08  Marine  
  25  2:19  SCV  
  26  2:26  Marine  
  27  2:43  Marine  
  28  2:44  Engineering Bay  
  28  2:45  Barracks Tech Lab  
  28  3:01  Marine  
  29  3:13  Factory  
  29  3:19  Marine, Planetary Fortress  
  30  3:37  Marine  
  30  3:40  Supply Depot  
  31  4:00  Combat Shield  
  31  4:02  Marauder  
  33  4:08  Missile Turret  
  33  4:23  Marauder  
  34  4:30  Command Center  
  32  4:42  Barracks Tech Lab  
  32  4:45  Marauder  
  34  4:58  Factory Tech Lab  
  34  5:08  Marauder  
  34  5:11  Marine  
  37  5:19  Stimpack  
  37  5:24  Infernal Pre-Igniter  
  37  5:29  Marine  
  38  5:41  Marauder, Siege Tank  
  43  5:43  Supply Depot  
  43  5:47  Marine  
  44  6:03  Marauder  
  46  6:04  Marine  
  46  6:06  Refinery, Orbital Command  
  47  6:13  Missile Turret, Siege Tank  
  50  6:22  Marine  
  51  6:42  Factory  
  51  6:43  Mag-Field Accelerator  
  51  6:59  Concussive Shells  
  51  7:22  SCV  
  52  7:32  Missile Turret  
  52  7:34  SCV  
  53  7:46  SCV  
  53  7:49  Supply Depot  
  54  7:58  SCV  
  55  8:10  Factory Tech Lab  
  55  8:11  SCV  
  56  8:14  Siege Tank  
  56  8:15  Armory  
  56  8:18  Marine  
  60  8:36  Marine  
  61  8:47  SCV, Siege Tank  
  61  8:48  Refinery  
  65  8:54  Marine  
  66  9:00  SCV  
  67  9:09  Starport  
  67  9:12  Marine, SCV  
  69  9:24  SCV  
  70  9:26  Supply Depot  
  70  9:33  Terran Infantry Armor Level 1  
  70  9:38  Terran Vehicle Weapons Level 1  
  70  9:47  Marine  
  70  9:48  Siege Tank, SCV  
  75  10:20  Siege Tank  
  78  10:22  Starport Tech Lab  
  78  10:29  Starport  
  78  10:38  Missile Turret  
  78  11:11  Fusion Core  
  78  11:27  Terran Infantry Weapons Level 1  
  78  11:32  Terran Vehicle And Ship Armor Level 1  
  78  11:59  Missile Turret  
  78  12:10  Starport Tech Lab  
  78  12:20  Bunker  
  78  12:31  Supply Depot  
  78  12:33  Corvid Reactor  
  78  12:53  Medivac, Thor  
  86  13:22  Supply Depot  
  86  13:25  Missile Turret  
  86  13:46  Supply Depot  
Tags
 
Composition
Mech
Matchup
TvT
Race
Terran
Replay Pack
MrFercho
Spawn Locations
Cross Positions
Add a new tag
Caveats
  • Supply blocks, unpowered buildings, or Contaminate may cause inaccurate times.
  • Supply counts are checked every 10 seconds.